 Dungeon Crawl Stone Soup version 0.25-a0-341-g6f074c887a (webtiles) character file.

Game seed: 10668691722174373540, levelgen mode: classic

37 EnegeticOcto the Cutter (level 3, 0/29 HPs)
             Began as a Vampire Chaos Knight on Dec 30, 2019.
             Was a Plaything of Xom.
             Slain by a giant cockroach (1 damage)
             ... summoned by Xom
             ... on level 1 of the Dungeon.
             The game lasted 00:01:49 (551 turns).

EnegeticOcto the Cutter (Vampire Chaos Knight)       Turns: 551, Time: 00:01:50

Health: 0/29       AC:  5    Str: 11    XL:     3   Next: 21%
Magic:  3/3        EV: 12    Int: 15    God:    Xom [......]
Gold:   57         SH:  0    Dex: 13    Spells: 2/2 levels left

rFire    . . .     SeeInvis +   a - +0 short sword (chaos)
rCold    . . .     Gourm    .   (no shield)
rNeg     . . .     Faith    .   b - +2 leather armour
rPois    .         Spirit   .   (no helmet)
rElec    .         Reflect  .   (no cloak)
rCorr    .         Harm     .   (no gloves)
MR       .....                  (no boots)
Stlth    ++........             (no amulet)
HPRegen  0.29/turn              (no ring)
MPRegen  0.08/turn              (no ring)

@: about to teleport, frozen, regenerating quickly, very slow
A: no food, fangs 3, see invisible, unbreathing
a: Exsanguinate, Renounce Religion


You were on level 1 of the Dungeon.
You worshipped Xom.
You were a very special plaything of Xom.
You were alive.

You visited 1 branch of the dungeon, and saw 1 of its levels.

You collected 57 gold pieces.

Inventory:

Hand Weapons
 a - a +0 short sword of chaos (weapon)
Armour
 b - a +2 leather armour (worn)


   Skills:
 + Level 3.0 Fighting
 + Level 3.6 Short Blades
 - Level 1.2 Armour
 + Level 2.7 Dodging
 + Level 1.8 Stealth


You had 2 spell levels left.
You didn't know any spells.
Your spell library was empty.

Dungeon Overview and Level Annotations

Branches:
Dungeon (1/15)

Altars:


Innate Abilities, Weirdness & Mutations

You do not eat.
Your natural rate of healing is unusually fast.
You have razor-sharp teeth.
You have supernaturally acute eyesight. (SInv)
You can survive without breathing.


Message History

The slug dart hits you. The goblin hits you.
You kill the dart slug!
The jackal completely misses you. The jackal bites you.
The jackal barely misses you.
The jackal bites you but does no damage.
The jackal bites you but does no damage.
The jackal misses you.
There is an open door here.
The jackal closely misses you.
There is an open door here.
You hit the jackal.
The jackal suddenly stops moving!
The jackal is almost dead.
The helpless jackal fails to defend itself.
You puncture the jackal! You burn the jackal.
You kill the jackal!
Your Fighting skill increases to level 3!
You miss the jackal. The jackal barely misses you.
The jackal bites you but does no damage.
You miss the jackal.
The jackal bites you but does no damage.
You closely miss the jackal. The jackal bites you.
You closely miss the jackal. Your bite misses the jackal.
The jackal bites you but does no damage.
The jackal barely misses you.
You closely miss the jackal.
The jackal bites you but does no damage.
You hit the jackal. You burn the jackal.
The jackal is severely wounded.
The jackal barely misses you.
You hit the jackal.
You kill the jackal!
Your leather armour prevents you from hitting the goblin.
You bite the goblin.
The goblin is severely wounded.
The goblin hits you but does no damage.
You barely miss the goblin. You bite the goblin.
You kill the goblin!
No target in view!
No target in view!
No target in view!
Things that are here:
a goblin corpse; a jackal corpse x2
A goblin comes into view. It is wielding a +0 dagger.
A goblin is nearby!
A goblin is nearby!
You hit the goblin.
The goblin is severely wounded.
The goblin barely misses you.
You hit the goblin but do no damage.
The goblin is poisoned.
The goblin is severely wounded.
The goblin hits you with a +0 dagger.
You barely miss the goblin.
The goblin is heavily wounded.
You kill the goblin!
No target in view!
No target in view!
Things that are here:
a +0 dagger; a goblin corpse A rat comes into view.
Xom giggles.
You are encased in ice!
Ouch! That really hurt!
* * * LOW HITPOINT WARNING * * *
You see here 3 gold pieces.
A rat is nearby!
A rat is nearby! "Let's see if it's strong enough to survive yet."
There are monsters nearby!
Okay, then.
You aren't carrying any potions.
As you read the scroll labeled JIAFRI JUISHRI, it crumbles to dust.
You hear a loud clanging noise!
It was a scroll of noise.
The giant cockroach bites you but does no damage.
As you read the scroll labeled QEOTSO DEDOF, it crumbles to dust.
The scroll dissolves into smoke.
It was a scroll of fog.
The dart slug barely misses you.
The giant cockroach bites you but does no damage.
The goblin closely misses you.
As you read the scroll labeled SURINE YKLEKI, it crumbles to dust.
The dust glows faint lavender!
It was a scroll of random uselessness.
The giant cockroach completely misses you.
The dart slug bites you but does no damage.
The goblin hits you with a +1 dagger of electrocution.
* * * LOW HITPOINT WARNING * * *
As you read the scroll labeled VAECOO IKOUQA, it crumbles to dust.
It is a scroll of identify.
g - a scroll of teleportation The giant cockroach bites you.
* * * LOW HITPOINT WARNING * * *
The goblin hits you with a +1 dagger of electrocution.
* * * LOW HITPOINT WARNING * * *
Really read
g - a scroll of teleportation {@r3 !r}?
As you read the scroll of teleportation {@r3 !r}, it crumbles to dust.
You feel strangely unstable.
The giant cockroach bites you but does no damage.
The dart slug completely misses you. The goblin closely misses you.
The giant cockroach bites you.
You die... "It was about time."

#.....................##
#.#8###8##...##8###8###
#.########... ### ###
#.......#8..
#######.##.. #.##.
#ยง##. # #g# .8#
#@##...# #wsg.r.#
########


You could see a dart slug, a giant cockroach, a hobgoblin and a goblin.

Vanquished Creatures
  A dart slug (D:1)
  A leopard gecko (D:1)
  2 bats (D:1)
  A giant cockroach (D:1)
  5 goblins (D:1)
  5 hobgoblins (D:1)
  5 jackals (D:1)
  4 kobolds (D:1)
  A frilled lizard (D:1)
  A rat (D:1)
26 creatures vanquished.

Notes
Turn   | Place    | Note
-------+----------+-------------------------------------------
     0 | D:1      | EnegeticOcto the Vampire Chaos Knight began the quest for
                  | the Orb.
     0 | D:1      | Reached XP level 1. HP: 17/17 MP: 1/1
    24 | D:1      | XOM: harmless Erth miscast
   227 | D:1      | Reached skill level 1 in Armour
   231 | D:1      | Reached skill level 1 in Stealth
   231 | D:1      | Reached XP level 2. HP: 20/23 MP: 2/2
   240 | D:1      | XOM: silly message
   414 | D:1      | Reached XP level 3. HP: 28/28 MP: 3/3
   545 | D:1      | XOM: severe Ice miscast
   546 | D:1      | XOM: summons 4 hostile shadow creatures
   550 | D:1      | HP: 1/29 [goblin/+1 dagger of electrocution[Xom] (2)]
   551 | D:1      | Slain by a giant cockroach

Levels and vault maps discovered:
D:1:      dpeg_arrival_pits, layout_basic, serial_corexii_hall,
          chequers_hall_statues_wall_a, corexii_hall_statues_x, st_stairs_3

Skill      XL: |  1  2  3 |
---------------+----------+-----
Armour         | 1 |  1.2
Stealth        | 1 |  1.8
Fighting       | 3 |  3.0
Short Blades   | |  3.6
Dodging        | |  2.7

Action                   || total
-------------------------++-------
Melee: Short sword       ||   102
       Bite              ||    12
  Use: Scroll            ||     5
 Stab: Paralysed         ||     1
Armor: Leather armour    ||    34
Dodge: Dodged            ||    70

Table legend:
 A = Non-vault XP
 B = Vault XP
 C = Vault XP percentage of total XP
 D = Non-vault monster count
 E = Vault monster count
 F = Vault count percentage of total count
                 A         B        C        D         E       F
            +---------+---------+-------+---------+---------+-------
      Total |      49 |       4 |   7.5 |      24 |       2 |   7.7
            +---------+---------+-------+---------+---------+-------
        D:1 |      49 |       4 |   7.5 |      24 |       2 |   7.7
            +---------+---------+-------+---------+---------+-------
